 Dungeon Crawl Stone Soup version 0.13-a0-1590-g33f0eee (webtiles) character file.

7439 Kae the Frost Mage (level 10, -13/72 HPs)
             Began as a White Draconian Ice Elementalist on June 13, 2013.
             Was a Priest of Vehumet.
             Killed from afar by Harold (33 damage)
             ... with a bolt of fire
             ... on Level 10 of the Dungeon.
             The game lasted 00:37:16 (13637 turns).

Kae the Frost Mage (DrIE)                          Turns: 13637, Time: 00:37:16

HP -13/72        AC  9     Str 11      XL: 10   Next: 83%
MP  19/32        EV 13     Int 19      God: Vehumet [***...]
Gold 376         SH  0     Dex 11      Spells:  8 memorised,  2 levels left

Res.Fire  : . . .   See Invis. : .   r - staff of wizardry (curse)
Res.Cold  : + . .   Warding    : .   (armour unavailable)
Life Prot.: . . .   Conserve   : .   (no shield)
Res.Poison: .       Res.Corr.  : .   (helmet restricted)
Res.Elec. : .       Clarity    : .   (no cloak)
Sust.Abil.: . .     Spirit.Shd : .   k - +1 pair of elf gauntlets (curse)
Res.Mut.  : .       Stasis     : .   (no boots)
Res.Rott. : .       Flight     : .   n - amulet of rage
Saprovore : . . .                    q - ring of sustenance
                                     i - ring of magical power

@: somewhat resistant to hostile enchantments, unstealthy
A: breathe frost, unfitting armour, cold resistance 1, AC +7
a: Breathe Frost, Renounce Religion, Evoke Berserk Rage


You were on level 10 of the Dungeon.
You worshipped Vehumet.
Vehumet was greatly pleased with you.
You were not hungry.

You visited 2 branches of the dungeon, and saw 11 of its levels.

You collected 563 gold pieces.
You spent 207 gold pieces at shops.

Inventory:

Hand weapons
 l - a +0,+1 quarterstaff
 D - a +0,+1 halberd
Armour
 k - a cursed +1 pair of elven gauntlets (worn)
 B - a +0 buckler
Magical devices
 f - a wand of random effects (14) {unknown}
 K - a wand of lightning (0)
 L - a wand of disintegration (8)
Comestibles
 a - a pear
 c - 4 bread rations
 j - 4 meat rations
 o - 4 chunks of yak flesh
Scrolls
 d - a scroll of enchant weapon II
 g - 2 scrolls of amnesia
 x - 4 scrolls of remove curse
 y - 2 scrolls of blinking {unknown}
 C - a scroll of identify
 F - a scroll of enchant armour
 G - a scroll of magic mapping
 H - 2 scrolls of fog
 O - a scroll of fear
Jewellery
 i - a ring of magical power (left hand)
 n - an amulet of rage (around neck)
 q - a ring of sustenance (right hand)
 s - an uncursed ring of sustain abilities
 t - a cursed ring of hunger {unknown}
Potions
 e - a potion of berserk rage {unknown}
 h - 2 potions of confusion {unknown}
 m - a potion of invisibility {unknown}
 p - a potion of resistance {unknown}
 u - a potion of poison {unknown}
 v - 2 potions of restore abilities {unknown}
 w - 2 potions of magic {unknown}
 z - 2 potions of heal wounds {unknown}
 A - a potion of might {unknown}
 E - a potion of agility {unknown}
 I - a potion of degeneration {unknown}
 M - a potion of curing
Books
 b - a book of Frost

   Spells                             Type                      Level
   *Freeze                            Ice                          1
   *Throw Frost                       Conjuration/Ice              2
   *Ozocubu's Armour                  Charms/Ice                   3
   *Throw Icicle                      Conjuration/Ice              4
   *Summon Ice Beast                  Ice/Summoning                4
   Condensation Shield                Ice                          4
 J - a book of Burglary

   Spells                             Type                      Level
   Apportation                        Translocation                1
   *Swiftness                         Charms/Air                   2
   Passwall                           Transmutation/Earth          3
   Passage of Golubria                Translocation                4
   Lee's Rapid Deconstruction         Earth                        5
   Darkness                           Hexes                        7
Magical staves
 r - a cursed staff of wizardry (weapon)


   Skills:
 + Level 2.4 Fighting
 * Level 3.8 Dodging
 - Level 1.7 Stealth
 + Level 6.7 Spellcasting
 - Level 10.0 Conjurations
 - Level 12.3 Ice Magic


You had 2 spell levels left.
You knew the following spells:

 Your Spells              Type           Power        Failure   Level  Hunger
a - Freeze                Ice            ####         1%          1    None
b - Throw Frost           Conj/Ice       #####.       1%          2    None
c - Throw Icicle          Conj/Ice       #####...     1%          4    ####...
d - Sting                 Conj/Pois      ####         1%          1    None
e - Ozocubu's Armour      Chrm/Ice       ####......   1%          3    ##.....
f - Summon Ice Beast      Ice/Summ       ####......   4%          4    ####...
g - Static Discharge      Conj/Air       ####....     1%          3    ##.....
h - Swiftness             Chrm/Air       #.........   6%          2    None


Dungeon Overview and Level Annotations

Branches:
Dungeon (10/27)            Temple (1/1) D:5             Orc (0/4) D:7
   Lair (0/8) D:10

Altars:
Ashenzari
Cheibriados
Elyvilon
Fedhas
Kikubaaqudgha
Makhleb
Nemelex Xobeh
Okawaru
Sif Muna
Trog
Vehumet
Xom
Yredelemnul
Zin
the Shining One

Shops:
D:4: ( D:5: [ D:7: ?

Annotations
D:3 Grinder
D:5 exclusion: centaur
D:8 Gastronok
D:10 Harold


Innate Abilities, Weirdness & Mutations

You can breathe waves of freezing cold.
You can buffet flying creatures when you breathe cold.
Your icy white scales are hard (AC +7).
Your body does not fit into most forms of armour.
Your cold-blooded metabolism reacts poorly to cold.
Your flesh is cold resistant.


Message History

* * * LOW HITPOINT WARNING * * *
Casting: Freeze
Confirm with . or Enter, or press ? or * to list all spells.
Aiming: Freeze
Press: ? - help, Shift-Dir - straight line, f/p - Harold
Aim: Harold, wielding a glaive and wearing a ring mail (almost dead)
You freeze Harold.
Harold is almost dead.
Harold drinks a potion.
Harold is healed!
Casting: Freeze
Confirm with . or Enter, or press ? or * to list all spells.
Aiming: Freeze
Press: ? - help, Shift-Dir - straight line, f/p - Harold
Aim: Harold, wielding a glaive and wearing a ring mail (severely wounded)
You freeze Harold.
Harold is severely wounded.
Harold gestures at you while chanting. The bolt of fire hits you!
One of your 2 scrolls of identify catches fire!
You die...

... #... ... #..#
#..# .#. #..#
B.##.. #..#
###....# #..#
#....#.# #..#
#....##.# #..#
#B......#
#..#####@#####.#
#......@.#
#.########
###'########
#..........#
#..........#####.
#..........#....#
#..........#....#
..
#..........#....#
....
#..........#....#
.....


You could see Harold and a goliath beetle.

Vanquished Creatures
  Joseph (D:8)
  A hill giant skeleton (D:9)
  A polar bear (D:8)
  8 yaks
  A merfolk (D:7)
  A hungry ghost (D:9)
  A manticore (D:9)
  A hippogriff (D:8)
  2 ice beasts
  3 phantoms
  5 orc warriors
  4 ogres
  2 sky beasts (D:7)
  A crocodile (D:9)
  4 centaurs
  Duvessa (D:9)
  2 wolves (D:8)
  3 giant frogs
  A gnoll sergeant (D:8)
  A centaur zombie (D:7)
  A giant frog skeleton (D:5)
  A water moccasin (D:9)
  Blork the orc (D:7)
  A giant frog zombie (D:6)
  2 ogre zombies
  4 wights (D:7)
  2 jellyfish (D:8)
  A giant frog simulacrum (D:8)
  8 crimson imps
  An ogre skeleton (D:7)
  Dowan (D:9)
  4 big fish
  2 goliath beetles
  3 scorpions
  6 orc priests
  11 orc wizards
  5 worker ants
  5 jellies
  8 gnolls
  8 adders
  A white imp (D:8)
  3 giant mites
  8 worms
  An ufetubus (D:8)
  A giant eyeball (D:10)
  4 giant geckos
  2 oozes
  59 orcs
  18 bats
  3 giant cockroaches
  10 hobgoblins
  11 jackals
  4 quokkas
  4 giant newts
  2 giant spores
  6 goblins
  15 kobolds
  An orc zombie (D:6)
  9 rats
  20 ballistomycetes
301 creatures vanquished.

Vanquished Creatures (collateral kills)
  An ice beast (D:6)
1 creature vanquished.

Vanquished Creatures (others)
  An ice beast (D:9)
  A giant frog skeleton (D:6)
  2 orcs
  A jackal (D:7)
  3 giant spores (D:7)
8 creatures vanquished.

Grand Total: 310 creatures vanquished

Notes
Turn   | Place    | Note
--------------------------------------------------------------
     0 | D:1      | Kae, the Draconian Ice Elementalist, began the quest for the Orb.
     0 | D:1      | Reached XP level 1. HP: 14/14 MP: 3/3
   555 | D:1      | Reached XP level 2. HP: 17/20 MP: 4/4
   559 | D:1      | Learned a level 2 spell: Throw Frost
   945 | D:2      | Reached XP level 3. HP: 16/26 MP: 6/6
   948 | D:2      | Reached skill level 4 in Ice Magic
  1587 | D:3      | Noticed Grinder
  1679 | D:3      | Noticed a phantom
  1727 | D:3      | Killed a phantom
  1727 | D:3      | Reached XP level 4. HP: 8/33 MP: 8/8
  1727 | D:3      | Reached XP level 5. HP: 9/38 MP: 9/9
  2085 | D:3      | Found a sparkling altar of Nemelex Xobeh.
  2550 | D:4      | Found Uwo Frir's Antique Weapon Boutique.
  3053 | D:4      | Reached skill level 5 in Ice Magic
  3053 | D:4      | Reached XP level 6. HP: 42/45 MP: 11/11
  3767 | D:5      | Entered Level 5 of the Dungeon
  3827 | D:5      | Found an ancient bone altar of Kikubaaqudgha.
  3946 | D:5      | Found Laoca's Antique Armour Emporium.
  4034 | D:5      | Your scales start taking on an icy white colour.
  4034 | D:5      | Gained mutation: Your flesh is cold resistant. [draconian maturity]
  4034 | D:5      | Reached skill level 6 in Ice Magic
  4034 | D:5      | Reached XP level 7. HP: 34/50 MP: 14/14
  4053 | D:5      | Found a sparkling altar of Nemelex Xobeh.
  4068 | D:5      | Found a staircase to the Ecumenical Temple.
  4077 | D:5      | Reached skill level 7 in Ice Magic
  4088 | Temple   | Entered the Ecumenical Temple
  4137 | Temple   | Became a worshipper of Vehumet
  4902 | D:6      | Found a blossoming altar of Fedhas.
  4929 | D:6      | Reached skill level 5 in Conjurations
  5444 | D:6      | Reached skill level 8 in Ice Magic
  5444 | D:6      | Reached XP level 8. HP: 9/57 MP: 12/16
  6147 | D:7      | Found Okaaz's Magic Scroll Boutique.
  6147 | D:7      | Noticed Blork the orc
  6154 | D:7      | Killed Blork the orc
  6280 | D:7      | Bought a scroll of teleportation for 39 gold pieces
  6280 | D:7      | Bought a scroll of enchant armour for 71 gold pieces
  6280 | D:7      | Bought a scroll of magic mapping for 45 gold pieces
  6280 | D:7      | Bought a scroll of fog for 26 gold pieces
  6280 | D:7      | Bought a scroll of identify for 26 gold pieces
  6685 | D:7      | Reached skill level 9 in Ice Magic
  6849 | D:7      | Found a staircase to the Orcish Mines.
  6857 | D:7      | Acquired Vehumet's first power
  6857 | D:7      | Offered knowledge of Sting by Vehumet.
  7169 | D:7      | Reached XP level 9. HP: 54/62 MP: 19/19
  7309 | D:7      | Learned a level 4 spell: Throw Icicle
  8502 | D:7      | Reached skill level 10 in Ice Magic
  8939 | D:8      | Learned a level 1 spell: Sting
  8943 | D:8      | Learned a level 3 spell: Ozocubu's Armour
  8948 | D:8      | Learned a level 4 spell: Summon Ice Beast
  9132 | D:8      | Noticed Joseph
  9150 | D:8      | Killed Joseph
  9150 | D:8      | Reached skill level 5 in Spellcasting
  9508 | D:8      | Offered knowledge of Force Lance by Vehumet.
  9865 | D:8      | Reached skill level 11 in Ice Magic
 10128 | D:8      | Reached XP level 10. HP: 54/69 MP: 22/22
 10133 | D:8      | Noticed Gastronok
 12145 | D:9      | Reached skill level 12 in Ice Magic
 12546 | D:9      | Reached skill level 10 in Conjurations
 12641 | D:9      | Offered knowledge of Static Discharge by Vehumet.
 12646 | D:9      | Learned a level 3 spell: Static Discharge
 12649 | D:9      | Learned a level 2 spell: Swiftness
 12677 | D:9      | Acquired Vehumet's second power
 12832 | D:9      | Reached skill level 1 in Fighting
 12908 | D:9      | Found a deep blue altar of Sif Muna.
 13098 | D:9      | Noticed Dowan
 13101 | D:9      | Noticed Duvessa
 13107 | D:9      | Killed Dowan
 13112 | D:9      | Killed Duvessa
 13325 | D:10     | Entered Level 10 of the Dungeon
 13515 | D:10     | Paralysed by a giant eyeball for 4 turns
 13532 | D:10     | Found a staircase to the Lair.
 13618 | D:10     | Noticed Harold
 13637 | D:10     | Killed from afar by Harold

Action                   |  1- 3 |  4- 6 |  7- 9 | 10-12 || total
-------------------------+-------+-------+-------+-------++-------
Melee: Unarmed           |    46 |     6 |       |       ||    52
       Halberd           |       |    29 |    48 |       ||    77
       Staff             |       |       |   264 |    63 ||   327
 Cast: Freeze            |    64 |    99 |   243 |   119 ||   525
       Throw Frost       |       |     3 |    56 |   125 ||   184
       Throw Icicle      |       |       |    35 |    24 ||    59
       Sting             |       |       |     2 |     1 ||     3
       Static Discharge  |       |       |       |     5 ||     5
       Summon Ice Beast  |       |       |       |     1 ||     1
 Abil: Evoke Berserk Rag |     1 |       |       |     1 ||     2
       Breathe Frost     |       |       |     2 |     1 ||     3
Evoke: Wand              |       |       |     7 |       ||     7
  Use: Scroll            |       |    14 |     9 |     1 ||    24
       Potion            |       |       |     4 |     1 ||     5
 Stab: Sleeping          |       |       |     1 |     1 ||     2
